 Dungeon Crawl Stone Soup version 0.31-a0-1178-gc5c9b8f871 (webtiles) character file.

Game seed: 15022102662105474048

6 grandjackal the Ducker (level 1, -2/16 HPs)
             Began as a Demonspawn Gladiator on Dec 12, 2023.
             Slain by a goblin
             ... wielding a +3 dagger
              (4 damage)
             ... on level 1 of the Dungeon.
             The game lasted 00:00:16 (170 turns).

grandjackal the Ducker (Demonspawn Gladiator)        Turns: 170, Time: 00:00:16

Health: -2/16      AC:  4    Str: 14    XL:     1   Next: 75%
Magic:  1/1        EV: 12    Int:  8    God:
Gold:   21         SH:  0    Dex: 14    Spells: 0/0 levels left

rFire   . . .        a - +0 war axe
rCold   . . .        (no shield)
rNeg    . . .        b - +0 leather armour
rPois   .            c - +0 helmet
rElec   .            (no cloak)
rCorr   .            (no gloves)
SInv    .            (no boots)
Will    .....        (no amulet)
Stlth   +            (no ring)
HPRegen 0.22/turn    (no ring)
MPRegen 0.07/turn

%: no passive effects
@: no status effects
A: no striking features
a: no special abilities


You were on level 1 of the Dungeon.
You visited 1 branch of the dungeon, and saw 1 of its levels.

You collected 21 gold pieces.

Inventory:

Hand Weapons
 a - a +0 war axe (weapon)
Missiles
 d - 3 throwing nets (quivered)
 e - a javelin
Armour
 b - a +0 leather armour (worn)
 c - a +0 helmet (worn)


   Skills:
 + Level 2.1 Fighting
 + Level 2.8 Axes
 + Level 1.9 Throwing
 + Level 2.8 Dodging


You couldn't memorise any spells.
You didn't know any spells.
Your spell library was empty.

Dungeon Overview and Level Annotations

Branches:
Dungeon (1/15)

Altars:


Message History

A goblin comes into view. It is wielding a +3 dagger.
The goblin shouts!
You closely miss the quokka. The quokka bites you.
The quokka barely misses you.
You barely miss the quokka. The quokka bites you.
The quokka closely misses you.
You barely miss the quokka.
A hobgoblin comes into view.
The quokka closely misses you.
A ball python comes into view.
The hobgoblin moves out of view.
The ball python hisses angrily.
You slash the quokka!
You kill the quokka!
You barely miss the goblin.
You hear a shout!
The goblin hits you but does no damage.
You barely miss the goblin.
A hobgoblin comes into view.
The goblin barely misses you.
You completely miss the goblin.
The goblin hits you with a +3 dagger. x2
You barely miss the goblin. The goblin hits you with a +3 dagger.
The ball python bites you. The ball python barely misses you.
You are too injured to fight recklessly!
You are too injured to fight recklessly!
You are too injured to fight recklessly!
The ball python attacks as it pursues you!
The ball python bites you but does no damage.
The ball python grabs you. The ball python constricts you.
The ball python's grasp on you weakens, but your attempt to escape fails.
The ball python bites you. The ball python constricts you.
* * * LOW HITPOINT WARNING * * *
The ball python bites you.
* * * LOW HITPOINT WARNING * * *
The ball python constricts you.
* * * LOW HITPOINT WARNING * * *
You slash the ball python!
You kill the ball python!
The goblin hits you with a +3 dagger.
You die...

#####...............
#.....#..........#.
#.####.............. #
#.......(........... ..
####..###........### ...
#....####.......... ....
##.#####.......######...#.
...# ##...########........
.### #...####...@gg†..!...
..####..###...####..##....
............### ..#... #
.%..#######.# ####.###
..##.### #.# .# #
.)###..####'####..# ###
###..'...'[.# ####.<.####
###..'...'..#


You could see a hobgoblin and a goblin.

Vanquished Creatures
  2 bats (D:1)
  A quokka (D:1)
  2 ball pythons (D:1)
  A kobold (D:1)
  A rat (D:1)
7 creatures vanquished.

Notes
Turn   | Place    | Note
-------+----------+-------------------------------------------
     0 | D:1      | grandjackal the Demonspawn Gladiator began the quest for
                  | the Orb.
     0 | D:1      | Reached XP level 1. HP: 16/16 MP: 1/1
   170 | D:1      | Slain by a goblin

Illustrated notes

Levels and vault maps discovered:
D:1:      dpeg_arrival_radiant, layout_rooms, basic_ecumenical_altar

Action                     || total
---------------------------++-------
  Melee: War axe           ||    24
         Punch             ||     1
 Armour: Leather armour    ||    22
  Dodge: Dodged            ||    15

Table legend: (Time is in decaauts)
 A = Elapsed time spent in this place.
 B = Non-inter-level travel time spent in this place.
 C = Inter-level travel time spent in this place.
 D = Time resting spent in this place.
 E = Time spent auto-exploring this place.
 F = Levels seen in this place.
 G = Mean time per level.
                   A        B        C        D        E       F      G
               +--------+--------+--------+--------+--------+-----+--------+
         Total |    178 |    178 |      0 |     50 |     74 |   1 |  178.0 |
       Dungeon |    178 |    178 |      0 |     50 |     74 |   1 |  178.0 |
               +--------+--------+--------+--------+--------+-----+--------+

Top non-repeatable levels by time:
     D:1: 178 daAuts
